 Dungeon Crawl Stone Soup version 0.24.0-13-gcf9b3192b9 (webtiles) character file.

Game seed: 4219630430722196471, levelgen mode: deterministic

2562 EnegeticOcto the Cleaver (level 9, 0/81 HPs)
             Began as a Deep Dwarf Fighter on Nov 10, 2019.
             Slain by Menkaure (13 damage)
             ... on level 7 of the Dungeon.
             The game lasted 00:04:44 (4107 turns).

EnegeticOcto the Cleaver (Deep Dwarf Fighter)       Turns: 4107, Time: 00:04:45

Health: 0/81       AC:  7    Str: 23    XL:     9   Next: 31%
Magic:  3/3        EV: 11    Int:  9    God:
Gold:   201        SH: 12    Dex: 12    Spells: 8/8 levels left

rFire    . . .     SeeInvis .   a - +1 war axe
rCold    + . .     Gourm    .   c - +1 shield
rNeg     . . .     Faith    .   b - +0 scale mail
rPois    .         Spirit   .   (no helmet)
rElec    .         Reflect  .   (no cloak)
rCorr    .         Harm     .   (no gloves)
MR       +....                  (no boots)
Stlth    ..........             s - amulet of inaccuracy (curse)
HPRegen  0.00/turn              (no ring)
MPRegen  0.08/turn              q - ring of protection from cold

@: non-regenerating
A: damage resistance, heal wounds, sense surroundings 2, no regeneration
a: Heal Wounds


You were on level 7 of the Dungeon.
You were not hungry.

You visited 1 branch of the dungeon, and saw 7 of its levels.
You also visited: Sewer.

You collected 201 gold pieces.

Inventory:

Hand Weapons
 a - a +1 war axe (weapon)
Missiles
 l - a throwing net (quivered)
Armour
 b - a +0 scale mail (worn)
 c - a +1 shield (worn)
Jewellery
 o - an uncursed ring of positive energy
 q - a ring of protection from cold (right hand)
 s - a cursed amulet of inaccuracy (around neck)
Scrolls
 h - a scroll of remove curse {@r2}
 j - 3 scrolls of teleportation {@r3}
 m - a scroll of magic mapping {@r5}
 u - a scroll of immolation
 v - a scroll of enchant weapon
 x - a scroll of identify {@r1}
Potions
 d - 3 potions of might {@q3}
 f - 3 potions of mutation
 g - a potion of magic
 i - 2 potions of agility {@q5}
 k - 2 potions of curing {@q1}
 p - 2 potions of cancellation
 r - a potion of degeneration
 t - 2 potions of brilliance
 w - a potion of ambrosia
Comestibles
 e - 10 rations
 n - 3 chunks of flesh


   Skills:
 + Level 5.4 Fighting
 * Level 8.4 Axes
 + Level 6.5 Armour
 + Level 5.4 Dodging
 + Level 6.5 Shields


You had 8 spell levels left.
You didn't know any spells.
Your spell library contained the following spells:

 Spells                   Type           Power        Failure   Level  Hunger
 Animate Skeleton         Necr           N/A          96%         1    ##.....
 Apportation              Tloc           #.....       96%         1    ##.....
 Confusing Touch          Hex            #.....       96%         1    ##.....
 Magic Dart               Conj           #...         96%         1    ##.....
 Summon Small Mammal      Summ           #...         96%         1    ##.....
 Blink                    Tloc           N/A          99%         2    ###....
 Call Imp                 Summ           #.......     99%         2    ###....
 Slow                     Hex            #.......     99%         2    ###....
 Conjure Flame            Conj/Fire      #.......     100%        3    ####...
 Mephitic Cloud           Conj/Pois/Air  #.......     100%        3    ####...


Dungeon Overview and Level Annotations

Branches:
Dungeon (7/15)             Temple (0/1) D:7           Sewer (visited)

Altars:
Ashenzari
Dithmenos
Qazlal
Vehumet
Wu Jian

Annotations:
D:4 1 runed translucent door, Burgietje's ghost, novice GrFi
D:7 Menkaure


Innate Abilities, Weirdness & Mutations

You are resistant to damage.
You can heal yourself by infusing magical energy.
You passively map the area around you.
You do not regenerate.


Message History

Moving in this stuff is going to be slow.
You enter the shallow water.
Moving in this stuff is going to be slow.
Done exploring.
No target in view!
No target in view!
No target in view!
Done exploring.
Done exploring.
Done exploring.
(D) Dungeon
Where to? (Enter - D:6, ? - help)
You enter the shallow water.
Moving in this stuff is going to be slow.
You see here a crooked glowing staff.
There is a stone staircase leading down here.
You climb downwards.
There is a stone staircase leading up here.
A giant cockroach comes into view.
A giant cockroach is nearby!
A giant cockroach is nearby!
You block the giant cockroach's attack.
You closely miss the giant cockroach. The giant cockroach bites you.
You slash the giant cockroach!
You kill the giant cockroach!
No target in view!
No target in view!
No target in view!
No target in view!
No target in view!
You butcher the giant cockroach corpse.
n - 3 chunks of flesh (gained 1)
An adder zombie comes into view.
An adder zombie is nearby!
An adder zombie is nearby!
An adder zombie is nearby!
You closely miss the adder zombie. The adder zombie misses you.
You hit the adder zombie.
The adder zombie is moderately damaged.
The adder zombie bites you but does no damage. x2
You closely miss the adder zombie.
The adder zombie is moderately damaged.
The adder zombie barely misses you.
You miss the adder zombie.
The adder zombie is moderately damaged.
The adder zombie barely misses you.
You slash the adder zombie!
The adder zombie is severely damaged.
You block the adder zombie's attack. x2
You miss the adder zombie.
The adder zombie is severely damaged.
The adder zombie bites you but does no damage.
You barely miss the adder zombie.
The adder zombie is severely damaged.
You block the adder zombie's attack.
An adder zombie is nearby!
An adder zombie is nearby!
You completely miss the adder zombie.
The adder zombie is severely damaged.
You block the adder zombie's attack.
You barely miss the adder zombie.
The adder zombie is severely damaged.
You block the adder zombie's attack. The adder zombie misses you.
You slash the adder zombie!
You destroy the adder zombie!
x - a scroll of identify {@r1} No target in view!
Found 26 stones.
You see here 26 stones.
You open the door.
Found an escape hatch in the ceiling.
Menkaure, Prince of Dust comes into view.
Menkaure shouts!
Found 18 stones.
There is an open door here.
Menkaure is nearby!
Menkaure is nearby!
An ogre comes into view. It is wielding a +0 giant club.
The ogre shouts!
Found a ration.
There is an escape hatch in the ceiling here.
Found a staircase to the Ecumenical Temple and a stone staircase leading up.
An ogre comes into view. It is wielding a +0 giant club.
The ogre shouts!
You hear a shout!
Menkaure hits you!
You barely miss Menkaure. You block Menkaure's attack.
Your shield and scale mail prevent you from hitting Menkaure.
A crimson imp comes into view.
Menkaure casts a spell at you. Pain shoots through your body!
You are too injured to fight recklessly!
You are too injured to fight recklessly!
You are too injured to fight recklessly!
You are too injured to fight recklessly!
You are too injured to fight recklessly!
You fail to use your ability.
The ogre hits you with a +0 giant club!!
* * * LOW HITPOINT WARNING * * *
Menkaure hits you!
You die...

, * , , , * ,
,, .. *....#.
.# , * , .<.
#...5##,..# * *
... ..>......
** ,%.#
....#..#
..#..#....#.# ,
#+....#O#..#.##
,
.....#MO.##...#
* , ,
......(@......#
*
.....###.<....#
,... , ###'####
,. , * #.# *, ,
#.# * ##* # ,
,* #.# ..# # ,
, #.####### #.#
# , #..(....#
#.# # , , ,, *
#######.# #.# #


You could see 2 ogres, Menkaure and a crimson imp.

Vanquished Creatures
  Sigmund (D:2)
  Edmund (D:4)
  A sky beast (D:6)
  Purgy (Sewer)
  An ice beast (D:5)
  2 hornet zombies (D:6)
  A phantom (D:5)
  An ogre (D:4)
  A necrophage (D:5)
  4 centaurs
  A scorpion (D:4)
  3 crimson imps
  A hound (D:5)
  2 jellies (D:6)
  A centaur skeleton (D:6)
  2 orc priests
  A bullfrog skeleton (D:4)
  4 iguanas
  8 orc wizards
  4 worker ants
  Natasha (thrice) (D:3)
  2 hound zombies (D:6)
  A hound skeleton (D:4)
  A worker ant zombie (D:6)
  4 gnolls (D:5)
  A river rat (D:4)
  12 adders
  2 howler monkey skeletons
  2 shadow imps (D:6)
  An ooze (D:1)
  An adder zombie (D:7)
  4 worms
  3 dart slugs
  5 leopard geckos
  31 orcs
  2 ball pythons
  8 bats
  9 giant cockroaches
  6 goblins
  8 hobgoblins
  6 jackals
  3 quokkas
  6 frilled lizards
  A jackal skeleton (D:4)
  6 kobolds
  2 leopard gecko skeletons
  A leopard gecko zombie (D:5)
  2 quokka zombies
  10 rats
184 creatures vanquished.

Notes
Turn   | Place    | Note
-------+----------+-------------------------------------------
     0 | D:1      | EnegeticOcto the Deep Dwarf Fighter began the quest for the
                  | Orb.
     0 | D:1      | Reached XP level 1. HP: 20/20 MP: 1/1
    72 | D:1      | Reached XP level 2. HP: 27/27 MP: 2/2
   623 | D:2      | Reached XP level 3. HP: 30/33 MP: 3/3
   667 | D:2      | Reached skill level 3 in Axes
   667 | D:2      | Reached skill level 1 in Dodging
   685 | D:2      | Noticed Sigmund
   718 | D:2      | Killed Sigmund
   718 | D:2      | Reached skill level 4 in Axes
   718 | D:2      | Reached XP level 4. HP: 35/42 MP: 3/3
   718 | D:2      | Reached XP level 5. HP: 40/49 MP: 4/4
   927 | D:2      | Found a shadowy altar of Dithmenos.
   927 | D:2      | Found a radiant altar of Vehumet.
  1049 | D:3      | Reached XP level 6. HP: 41/56 MP: 5/5
  1109 | D:3      | Noticed Natasha
  1114 | D:3      | Killed Natasha
  1227 | D:3      | Noticed Natasha
  1231 | D:3      | Killed Natasha
  1310 | D:3      | Noticed Natasha
  1318 | D:3      | Killed Natasha
  1558 | D:3      | Reached skill level 5 in Axes
  1710 | D:4      | Noticed Edmund
  1720 | D:4      | Reached XP level 7. HP: 50/63 MP: 5/5
  1733 | D:4      | Killed Edmund
  1762 | D:4      | Reached skill level 5 in Shields
  1794 | D:4      | Reached skill level 5 in Armour
  1851 | D:4      | Reached skill level 6 in Axes
  1931 | D:4      | Found a glowing drain.
  1952 | Sewer    | Entered a sewer
  2009 | Sewer    | Noticed Purgy
  2015 | Sewer    | Killed Purgy
  2015 | Sewer    | Reached XP level 8. HP: 64/73 MP: 4/4
  2233 | D:4      | Found a runed translucent door.
  2234 | D:4      | Noticed Burgietje's ghost (novice GrFi)
  2321 | D:5      | Entered Level 5 of the Dungeon
  2601 | D:5      | Reached skill level 7 in Axes
  2613 | D:5      | Found a shadowy altar of Dithmenos.
  2774 | D:5      | Reached skill level 5 in Fighting
  3282 | D:6      | Reached skill level 5 in Dodging
  3282 | D:6      | Gained mutation: You passively map the area around you.
                  | [Deep Dwarf growth]
  3282 | D:6      | Reached XP level 9. HP: 41/81 MP: 4/4
  3286 | D:6      | Found a stormy altar of Qazlal.
  3391 | D:6      | Reached skill level 8 in Axes
  3549 | D:6      | Found an ornate altar of the Wu Jian Council.
  3746 | D:6      | Found a stormy altar of Qazlal.
  3746 | D:6      | Found a shattered altar of Ashenzari.
  4101 | D:7      | Noticed Menkaure
  4103 | D:7      | Found a staircase to the Ecumenical Temple.
  4107 | D:7      | Slain by Menkaure

Levels and vault maps discovered:
D:1:      onia_arrival_mini_spirals, layout_loops_ring, minivault_23
D:2:      layout_rooms, gammafunk_temple_overflow_wave,
          hangedman_decor_clover_reticule, serial_bayou_pond_e, uniq_sigmund
D:3:      layout_basic, uniq_natasha
D:4:      layout_rooms, gammafunk_ghost_grave, portal_sewer_entry_b, uniq_edmund
D:5:      layout_cave_pods, first_ration, grunt_dithmenos_shadows
D:6:      layout_loops_cross, gammafunk_temple_overflow_elements, serial_rivers,
          chequers_serial_rivers_micro_e, chequers_serial_rivers_marsh,
          chequers_serial_rivers_micro_a, chequers_serial_rivers_micro_a,
          chequers_serial_rivers_small_3, basic_altar,
          nicolae_qazlal_general_emergency
D:7:      layout_basic, minmay_temple_entry_mini_moons, grunt_livestock,
          minmay_holes, interstate_on_off, uniq_menkaure, uniq_pikel,
          uniq_joseph, uniq_duvessa

Skill      XL: |  1  2  3  4  5  6  7  8  9 |
---------------+----------------------------+-----
Fighting       | 3 4 5 |  5.4
Axes           | 4 5 6 7 8 |  8.4
Dodging        | 2 3 5 |  5.4
Armour         | 4 5 6 |  6.5
Shields        | 4 5 6 |  6.5

Action                   |  1- 3 |  4- 6 |  7- 9 || total
-------------------------+-------+-------+-------++-------
Melee: War axe           |   102 |   151 |   468 ||   721
 Abil: Heal Wounds       |     3 |     3 |    15 ||    21
  Use: Scroll            |       |     5 |    12 ||    17
  Eat: Chunk             |       |     3 |     9 ||    12
Armor: Scale mail        |    51 |    71 |   131 ||   253
Dodge: Dodged            |    22 |    51 |   147 ||   220
Block: Shield            |    49 |    96 |   294 ||   439
